Cogmind - Beta 16 --- EXPLORER MODE // 2025.12.01 @ 13:36:47 Player: K.K.Y. Result: Destroyed by 5L-HBK(R) with Subdweller Beam Cannon Performance ------------- Evolutions (0) 0 Regions Visited (3) 600 Robots Destroyed (10) 50 Value Destroyed (148) 148 Prototype IDs (0) 0 Alien Tech Used (0) 0 Bonus (0) 0 TOTAL SCORE: 798 Bonus ------- None Cogmind --------- Core Integrity 0/250 Matter 293/300 Energy 72/100 System Corruption 0% Temperature Cool (9) Movement Core (100) Ox1 Location -10/Subcaves Parts ------- > --- POWER (1) -------- (None) > --- PROPULSION (3) --- (None) > --- UTILITY (2) ------ Structural Scanner > --- WEAPON (2) ------- Barrage Gun > --- INVENTORY (5) ---- Spiked Treads Small Storage Unit Cargo Storage Unit Peak State ------------ > --- POWER ------------ Light Ion Engine > --- PROPULSION ------- Flight Unit Flight Unit Flight Unit > --- UTILITY ---------- Structural Scanner Improved Terrain Scanner > --- WEAPON ----------- Riot Gun Small Laser > --- INVENTORY -------- Spiked Treads Small Storage Unit Cargo Storage Unit Mining Laser [Rating: 12] Favorites ----------- Power Light Ion Engine Engine Light Ion Engine Propulsion Flight Unit Leg Aluminum Leg Flight Unit Flight Unit Utility Structural Scanner Device Structural Scanner Storage Medium Storage Unit Processor Signal Interpreter Protection Light Armor Plating Weapon Small Laser Energy Gun Small Laser Ballistic Gun Barrage Gun Special Weapon Mining Laser Build | -11 -10 -10 -10 ------- Run | Yrd Mat Min Sub Slots Evolved 1 | . 1 . . Power . | . . . . Propulsion 1 | . 1 . . Utility . | . . . . Weapon . | . . . . Parts Attached 19 | 8 4 4 3 Power 1 | 1 . . . Engine 1 | 1 . . . Core . | . . . . Reactor . | . . . . Propulsion 7 | 2 2 3 . Treads . | . . . . Leg 2 | 2 . . . Wheel . | . . . . Hover . | . . . . Flight 5 | . 2 3 . Utility 5 | 3 1 1 . Device 2 | . 1 1 . Storage 1 | 1 . . . Processor 1 | 1 . . . Hackware . | . . . . Protection 1 | 1 . . . Artifact . | . . . . Weapon 6 | 2 1 . 3 Energy Gun 4 | 2 1 . 1 Energy Cannon . | . . . . Ballistic Gun 1 | . . . 1 Ballistic Cannon . | . . . . Launcher . | . . . . Special Weapon 1 | . . . 1 Impact Weapon . | . . . . Slashing Weapon . | . . . . Piercing Weapon . | . . . . Special Melee Weapon . | . . . . Unidentified Prototypes . | . . . . Parts Lost 8 | . . . 8 Power 1 | . . . 1 Propulsion 3 | . . . 3 Utility 1 | . . . 1 Weapon 3 | . . . 3 Highest Loss Streak 3 | . . . 3 To Critical Strikes . | . . . . Average Backups 3 | 1 2 4 3 Power . | . . . . Propulsion . | . 1 . . Utility 2 | . 1 3 2 Weapon . | . . 1 . Tool/Special . | . . . . Unused Backups 4 | 1 . . 3 Power . | . . . . Propulsion 2 | 1 . . 1 Utility 2 | . . . 2 Weapon . | . . . . Tool/Special . | . . . . Average Slot Usage (%) 90 | . 77 95 87 Engine 11 | . 12 12 10 Flight 30 | . 18 33 31 Device 14 | . 1 12 22 Processor 7 | . 12 11 . Energy Gun 21 | . 25 25 15 Special Weapon 2 | . . . 6 Peak Build Rating 12 | 7 7 10 12 Average Rating 7 | 3 6 7 9 On Entrance 6 | . 7 7 10 Avg Prop Armor Cover (%) . | . . . . Naked Turns . | . . . . Heaviest Build 16 | 16 16 7 9 Greatest Support 20 | 20 20 12 12 Greatest Overweight (x) 5 | . 5 . . Average Overweight (x) . | . . . . Largest Inventory Capacity 10 | 10 10 5 5 Average Capacity 5 | 7 6 5 5 Most Carried 5 | 5 5 5 5 Average Carried 4 | 1 2 5 4 Final Capacity 10 | 10 5 5 5 Final Carried 5 | . 5 5 4 Class Distribution -------------------- 100% | Hacker-Mutant Dominant Class ---------------- Hacker-Mutant | -10/Materials Hacker-Mutant | -10/Mines Hacker-Mutant | -10/Subcaves Resources | -11 -10 -10 -10 ----------- Run | Yrd Mat Min Sub Matter Collected 381 | 84 216 60 21 Remotely . | . . . . Salvage Created 230 | . 74 156 . Parts 10 | . 4 5 1 Haulers Intercepted 1 | . 1 . . Recyclers Shooed . | . . . . Parts Field Recycled . | . . . . Retrieved Matter . | . . . . Parts Self-Destructed . | . . . . Prevented . | . . . . Parts Restored . | . . . . Kills | -11 -10 -10 -10 ------- Run | Yrd Mat Min Sub Combat Hostiles Destroyed 6 | . . 4 2 Guns 4 | . . 4 . Cannons 2 | . . . 2 Classes Destroyed 6 | . 2 3 1 Tunneler 1 | . . 1 . Hauler 1 | . 1 . . Recycler 1 | . . 1 . Mechanic 1 | . 1 . . Swarmer 4 | . . 4 . Subdweller 2 | . . . 2 Best Kill Streak 2 | . 2 2 1 Combat Bots Only 2 | . . 2 1 Max Kills in Single Turn 1 | . 1 1 1 Gunslinging . | . . . . Exploded . | . . . . Melee . | . . . . Uniques/NPCs Destroyed . | . . . . Combat | -11 -10 -10 -10 -------- Run | Yrd Mat Min Sub Hostile Shots Fired 64 | . 2 16 46 Missed 22 | . 1 6 15 Hits 42 | . 1 10 31 Projectile 42 | . 1 10 31 Damage Taken 556 | . 6 49 501 Core 253 | . . 16 237 Absorbed by Shields . | . . . . Ignored by Resistances 328 | . 4 33 291 Core Remaining (%) 100 | 100 . . . Volleys Fired 56 | . 7 15 34 Largest 2 | . 2 2 2 Hottest 150 | . 80 80 150 Shots Fired 86 | . 14 30 42 Gun 70 | . 14 30 26 Cannon . | . . . . Launcher . | . . . . Special 16 | . . . 16 Kinetic 3 | . . . 3 Thermal 71 | . 7 30 34 Explosive . | . . . . Electromagnetic 12 | . 7 . 5 Robot Hit Streak 26 | . 14 17 26 Robot Miss Streak 2 | . . 2 1 Penetration Max . | . . . . Secondary Targets . | . . . . Shots Hit Robots 64 | . 14 22 28 Core Hits 18 | . 4 7 7 Critical Kills . | . . . . Critical Parts Destroyed . | . . . . Critical Strikes . | . . . . Melee Attacks . | . . . . Impact . | . . . . Slashing . | . . . . Piercing . | . . . . Sneak Attacks . | . . . . Combat Hostiles . | . . . . Follow-up Attacks . | . . . . Damage Inflicted 759 | . 163 248 348 Guns 591 | . 163 248 180 Cannons . | . . . . Explosions . | . . . . Melee . | . . . . Ramming . | . . . . Kinetic 26 | . . . 26 Thermal 593 | . 76 248 269 Explosive . | . . . . Electromagnetic 140 | . 87 . 53 Impact . | . . . . Slashing . | . . . . Piercing . | . . . . Highest Corruption . | . . . . Average Corruption . | . . . . Corruption Purged . | . . . . Corruption Blocked . | . . . . Overload Shots . | . . . . Overflow Damage . | . . . . Projectiles . | . . . . Explosions . | . . . . Melee . | . . . . Knockbacks . | . . . . Impact . | . . . . Kinetic . | . . . . Secondary . | . . . . Self-Inflicted Damage . | . . . . Shots . | . . . . Rammed . | . . . . Targets Rammed . | . . . . Kicked . | . . . . Crushed . | . . . . Highest Temperature 125 | . 100 125 8 Average Temperature 48 | . 42 53 3 Received Heat Transfer 180 | . . . 180 Siege Activations . | . . . . Martial Activations . | . . . . Shielding Activations . | . . . . Robots Disrupted . | . . . . Combat Hostiles . | . . . . Robots Corrupted . | . . . . Combat Hostiles . | . . . . Parts Fried . | . . . . Impact Corruptions . | . . . . Robots Melted . | . . . . Combat Hostiles . | . . . . Parts Melted 1 | . . 1 . Heat Transferred 1300 | . 175 550 575 Parts Sabotaged . | . . . . Parts Stolen . | . . . . Parts Stripped . | . . . . Power Chain Reactions . | . . . . Alert | -11 -10 -10 -10 ------- Run | Yrd Mat Min Sub Maximum Alert Level . | . . . . Low Security (%) 100 | 100 100 100 . Level 1 . | . . . . Level 2 . | . . . . Level 3 . | . . . . Level 4 . | . . . . Level 5 . | . . . . High Security . | . . . . Max Security . | . . . . Peak Influence 50 | . 10 50 . Initial . | . . . . Average 3 | . . 5 . Influence Increases 147 | . 22 125 . Destroy 0b10 Robot/C 80 | . . 80 . Destroy 0b10 Robot/NC 20 | . 10 10 . Destroy Leader 22 | . 2 20 . Trap Triggered on 0b10 10 | . 10 . . Partial Spotted 15 | . . 15 . Influence Decreases 147 | . 22 120 5 Entered New Map 4 | . . . 4 Time Decay 143 | . 22 120 1 Squads Dispatched . | . . . . Investigation . | . . . . Extermination . | . . . . Reinforcement . | . . . . Assault . | . . . . Garrison . | . . . . Intercept . | . . . . Searches Triggered . | . . . . Construction Impeded . | . . . . Haulers Reinforced . | . . . . Active Scanning Responses . | . . . . Cargo Convoy Interrupts . | . . . . Stealth | -11 -10 -10 -10 --------- Run | Yrd Mat Min Sub Distress Signals . | . . . . Communications Jammed . | . . . . Distress Signals . | . . . . Times Spotted 17 | . 5 5 7 Peak Tracking Total 19 | . 2 19 3 Tactical Retreats 2 | . . 1 1 Traps | -11 -10 -10 -10 ------- Run | Yrd Mat Min Sub Traps Triggered . | . . . . Indirectly . | . . . . Trap Hack Attempts . | . . . . Triggered . | . . . . Disarmed . | . . . . Reprogrammed 5 | . 5 . . Reused 1 | . 1 . . Traps Extracted . | . . . . Installed . | . . . . Triggered 1 | . 1 . . Machines | -11 -10 -10 -10 ---------- Run | Yrd Mat Min Sub Machines Disabled . | . . . . Max in Single Turn . | . . . . Machines Repaired . | . . . . Machines Dismantled . | . . . . Machines Sabotaged . | . . . . Overloaded Fab Kills . | . . . . Hacking | -11 -10 -10 -10 --------- Run | Yrd Mat Min Sub Machines Accessed 2 | . 1 1 . Terminals 2 | . 1 1 . Fabricators . | . . . . Repair Stations . | . . . . Recycling Units . | . . . . Scanalyzers . | . . . . Garrison Access . | . . . . Total Hacks 2 | . 1 1 . Successful 2 | . 1 1 . Failed . | . . . . Catastrophic . | . . . . Database Lockouts . | . . . . Manual . | . . . . Terminals 2 | . 1 1 . Fabricators . | . . . . Repair Stations . | . . . . Recycling Units . | . . . . Scanalyzers . | . . . . Garrison Access . | . . . . Terminal Hacks 2 | . 1 1 . Reprogram Traps 1 | . 1 . . Zone Layout 1 | . . 1 . Fabricator Hacks . | . . . . Repair Station Hacks . | . . . . Recycling Unit Hacks . | . . . . Scanalyzer . | . . . . Garrison Access Hacks . | . . . . Unauthorized Hacks . | . . . . Terminals . | . . . . Fabricators . | . . . . Repair Stations . | . . . . Recycling Units . | . . . . Scanalyzers . | . . . . Garrison Access . | . . . . Data Cores Recovered . | . . . . Used . | . . . . Hacking Detections 1 | . . 1 . Full Trace Events . | . . . . Feedback Events . | . . . . Feedback Blocked . | . . . . Robot Schematics Acquired . | . . . . Robots Built . | . . . . Authchips . | . . . . Time . | . . . . Total Robot Build Rating . | . . . . Part Schematics Acquired . | . . . . Parts Built . | . . . . Authchips . | . . . . Time . | . . . . Total Part Build Rating . | . . . . Part Studies Acquired . | . . . . Parts Repaired . | . . . . Time . | . . . . Parts Recycled . | . . . . Recycled Matter . | . . . . Retrieved Matter . | . . . . Retrieved Components . | . . . . Parts Scanalyzed . | . . . . Part Schematics Acquired . | . . . . Parts Damaged . | . . . . Bothacking | -11 -10 -10 -10 ------------ Run | Yrd Mat Min Sub Used RIF Installer . | . . . . Robots Hacked . | . . . . Non-combat . | . . . . Combat . | . . . . Robot Hacks Applied . | . . . . Relay Couplers Released . | . . . . Fabnet Peak Effective % . | . . . . Robots Rewired . | . . . . Allies Hacked . | . . . . Hacks Repelled . | . . . . Allies | -11 -10 -10 -10 -------- Run | Yrd Mat Min Sub Total Allies . | . . . . Largest Group . | . . . . Highest-Rated Group . | . . . . Highest-Rated Ally . | . . . . Total Orders . | . . . . Ally Attacks . | . . . . Total Damage . | . . . . Kills . | . . . . Allies Corrupted . | . . . . Allies Melted . | . . . . Intel | -11 -10 -10 -10 ------- Run | Yrd Mat Min Sub Active Infowar (turns) 1282 | . 21 744 517 Terrain 464 | . . 29 435 Structural 1282 | . 21 744 517 Robot Analysis Total . | . . . . Derelict Logs Recovered 1 | . . . 1 Drone Launches . | . . . . Drone Recoveries . | . . . . Exploration | -11 -10 -10 -10 ------------- Run | Yrd Mat Min Sub Turns Passed 1549 | 57 231 744 517 Spaces Moved 1732 | 51 246 634 801 Core 31 | 29 2 . . Treads . | . . . . Legs 54 | 22 32 . . Wheels . | . . . . Hover . | . . . . Flight 1647 | . 212 634 801 Fastest Speed 34 | 50 37 34 34 Average Speed 38 | 80 49 34 35 Slowest Speed 300 | 120 300 37 37 Overloaded Moves . | . . . . Propulsion Burnouts . | . . . . Robots Hopped 1 | . . . 1 Potential Cave-ins . | . . . . Cave-ins Triggered . | . . . . Exploration Rate (%) 50 | 3 45 99 53 Regions Visited 3 Branch Regions 2 Pre-discovered Areas 1 | . . . 1 Known Exits Taken 3 | 1 1 1 . Unknown Exits Taken . | . . . . Scrap Searched 4 | . . . 4 Spaces Dug . | . . . . Terrain Destroyed . | . . . . Melee . | . . . . Projectile . | . . . . AOE . | . . . . Terrain Rammed . | . . . . Walls Destroyed . | . . . . Machines Disabled . | . . . . Actions | -11 -10 -10 -10 --------- Run | Yrd Mat Min Sub Total 2494 | 66 342 1128 958 Wait 660 | . 73 473 114 Move 1727 | 50 245 633 799 Hop 1 | . . . 1 Pick Up 15 | 6 6 . 3 Fast Attach 6 | 3 1 2 . Attach 10 | 5 3 . 2 Detach 4 | . 4 . . Swap 5 | . . 2 3 Drop 10 | 2 3 3 2 Fire 56 | . 7 15 34 Melee . | . . . . Ram . | . . . . Kick . | . . . . Crush . | . . . . Escape Stasis . | . . . . Rewire . | . . . . Trap . | . . . . Miscellaneous . | . . . . Route ------- -11/Scrapyard -10/Materials (discovered 3 exits: *Mat / *Min / *Sub) -10/Mines (discovered 3 exits: *Mat x2 / *Sub) -10/Subcaves History --------- Turn | Location | Event 8 | -11/Scrapyard | Identified exit to Materials 8 | -11/Scrapyard | Discovered exit to Materials (range 16) 58 | -11/Scrapyard | Entered Materials 58 | -10/Materials | Evolved 1 slot: Propulsion x1 59 | -10/Materials | Met a group of wandering Federalists 150 | -10/Materials | Identified exit to Subcaves 150 | -10/Materials | Discovered exit to Subcaves (range 9) 210 | -10/Materials | Identified exit to Materials 210 | -10/Materials | Discovered exit to Materials (range 16) 272 | -10/Materials | Identified exit to Mines 272 | -10/Materials | Discovered exit to Mines (range 15) 289 | -10/Materials | Entered Mines 296 | -10/Mines | Received a Rocket Launcher from a helpful Derelict 312 | -10/Mines | Assembled infested the area 317 | -10/Mines | Assisted by a Guerilla fighting off Assembled 318 | -10/Mines | Build established: Hacker-Mutant 443 | -10/Mines | Discovered exit to Materials (range 6) 544 | -10/Mines | Discovered exit to Materials (range 15) 753 | -10/Mines | Discovered exit to Subcaves (range 5) 1033 | -10/Mines | Entered Subcaves 1034 | -10/Subcaves | Approached by a straggling Scientist 1162 | -10/Subcaves | Learned location of 1 exit from Materials 1371 | -10/Subcaves | Learned location of Zion (-6) 1371 | -10/Subcaves | Met a Zionite searching for "candidates" 1460 | -10/Subcaves | Ambushed by Subdwellers from Twisted Machinery 1477 | -10/Subcaves | Core integrity fell below 50% 1503 | -10/Subcaves | Lost 3 parts (1p1u1w) 1521 | -10/Subcaves | Shifting Twisted Machinery released Barrage Gun 1543 | -10/Subcaves | Core integrity fell below 20% 1550 | -10/Subcaves | Destroyed by 5L-HBK(R) with Subdweller Beam Cannon Last Messages --------------- 01371_ 34-SZK(z): "Hey you! It's really dangerous down here, I feel that you could die at any moment. For your health and safety might I suggest a trip to Zion?" World map updated: -6/Zion. 9L-P7T(c): "I think it's somewhere east of here" 01460_ 1M-PG1(R) emerges from the Twisted Machinery. 01461_ Mining Laser destroyed. 01468_ Imp. Terrain Scanner destroyed. 01472_ Lgt. Ion Engine destroyed. 01520_ 5L-HBK(R): "WEHOME!" Barrage Gun falls loose from the Twisted Machinery. 01523_ Acquired Barrage Gun. 9L-P7T(c): "We're getting close, I can feel it." 01544_ 9L-P7T(c) destroyed. 01546_ Flight Unit destroyed. 01549_ Sml. Laser destroyed. 01550_ Flight Unit destroyed. Map ----- +----------------------------------------------------+ | ## ######??######## ####?????????????? | | ### ## ############ ###?????????????? | | #### ### # ## ###### ########???????? | | ## ### #### ## ###########?????? | | ## #### ### #### #####????? | | # # #### ## ### ###????? | | # #### ### #### ## ##????? | | ####### #### ###### ### ####??? | | ###?###### ### #### ### #######??? | | ?????############## ### ## ### ## ##??? | | ????????########### ## ## ### ###??? | | ?????????????????### #### ##???? | | ?????????????????## #### ## ##???? | | ?????????????????####### ## ######???? | | ???????????????######### #####???? | | ???????????????####???### ###????? | | ???????????????## ???#### ##????? | | ?????????????????? ????### ##????? | | ??????????????????? ???## ##????? | | ?????????????????? ? ### ####????? | | ??????????????## ## ?##### ########???? | | ??????????????### # #### #########??? | | ??????????????## # #####RR ###??? | | ??????????????## ### % % " % ##??? | | ??????????????###?? # % " ##??? | | ???????????????## ?## @R ;# " ### ###??? | | ??????????????? # % "##### "###### ###??? | | ?????????????"" ###### ####### ##???? | | ???????????? ###?#### ###### ###???? | | ??????????? " #####?#### #### ####???? | | ????????????"" ## ####??### #### ###????? | | ?????????????"" ### ??????##"" "######??????? | | ????????????#" ?? ####??????##""" ""#####??????? | | ????????????## ????? ##??????###""" "##?????????? | | ????????????###???????????????###" #####?????????? | | ????????????###????????????????# " #####?????????? | | ????????????????????????????????""###????????????? | | ???????????????????????????????""""##????????????? | | ?????????????????????????????????"???????????????? | | ?????????????????????????????????????????????????? | | ?????????????????????????????????????????????????? | | ?????????????????????????????????????????????????? | | ?????????????????????????????????????????????????? | | ?????????????????????????????????????????????????? | | ?????????????????????????????????????????????????? | | ?????????????????????????????????????????????????? | | ?????????????????????????????????????????????????? | | ?????????????????????????????????????????????????? | | ?????????????????????????????????????????????????? | | ?????????????????????????????????????????????????? | +----------------------------------------------------+ Best States ------------- Heat Dissipation 25 Energy Generation 10 Energy Capacity 125 Matter Stores 300 Matter Capacity 300 Sight Range 16 Terrain Scan Range 16 Terrain Scan Density 10 Resistance: KI 35 Resistance: TH 35 Resistance: EX 35 Resistance: EM 35 Resistance: I 35 Resistance: S 35 Resistance: P 35 Evasion (%) 63 Offensive Hacking 20 Item Schematics ----------------- None Robot Schematics ------------------ None Fabricated ------------ Nothing Repaired ---------- Nothing Studied --------- None Alien Tech Used ----------------- None Achievements -------------- None Challenges ------------ None Game ------ Seed CoreNeutronAutogun Manual? 0 Play Time 00:14:04 Cumulative 151.1 hours Start 2025.12.01 @ 13:24:18 End 2025.12.01 @ 13:36:47 Sessions 1 Manual Loads 0 Difficulty Explorer Special Mode None Game No. 187 Rogue 0 Adventurer 0 Explorer 187 Win Type - Total 0 Types 0/0/0/0/0/0/0/0/0/0 Lore% 70 Gallery% 66 Achievement% 52 Wizard Run 0 Options --------- Layout 1 ASCII 0 Keyboard 0 Movement Mouse Keybinds 0 Fullscreen 1 Font 24/Smallcaps Map View 50x35 Zoom Use 0% Tactical HUD 1 Map Filters NONE Filters NONE Steam 1 RUN: 7c7838eb-273d-491a-b834-eb70d20caefb